 Dungeon Crawl Stone Soup version 0.29.1-1-gd02db6906a (webtiles) character file.

Game seed: 6058836786787533566

456 Demigod47 the Cudgeller (level 6, -8/55 HPs)
             Began as a Minotaur Fighter on Oct 6, 2022.
             Was an Initiate of Okawaru.
             Engulfed by a fire crab's flame (13 damage)
             ... created by the adversity of Qazlal
             ... on level 5 of the Dungeon.
             The game lasted 00:10:24 (4255 turns).

Demigod47 the Cudgeller (Minotaur Fighter)          Turns: 4255, Time: 00:10:25

Health: -8/55      AC: 11    Str: 23    XL:     6   Next: 77%
Magic:  5/5        EV: 10    Int:  5    God:    Okawaru [......]
Gold:   358        SH:  4    Dex:  9    Spells: 5/5 levels left

rFire   + . .      SeeInvis .   a - +0 flail
rCold   x x x      Faith    +   c - +0 buckler
rNeg    . . .      Spirit   .   b - +0 scale mail
rPois   .          Reflect  .   (helmet restricted)
rElec   .          Harm     .   f - +0 cloak
rCorr   .          Rampage  .   n - +0 pair of gloves
Will    .....                   (no boots)
Stlth   ..........              g - amulet of faith
HPRegen 0.18/turn               (no ring)
MPRegen 0.09/turn               (no ring)

@: no status effects
A: horns 2, retaliatory headbutt, iridescent scales 1, fire resistance 1, [cold
vulnerability 3]
a: Renounce Religion


You were on level 5 of the Dungeon.
You worshipped Okawaru.
Okawaru was noncommittal.
You visited 2 branches of the dungeon, and saw 6 of its levels.

You collected 358 gold pieces.

Inventory:

Hand Weapons
 a - a +0 flail (weapon)
Missiles
 h - 11 javelins (quivered)
 o - 4 boomerangs
Armour
 b - a +0 scale mail (worn)
 c - a +0 buckler (worn)
 f - a +0 cloak (worn)
 j - a +0 cloak
 n - a +0 pair of gloves (worn)
Jewellery
 g - an amulet of faith (around neck)
Scrolls
 i - a scroll of fear {unknown}
 k - a scroll of silence {unknown}
 l - 2 scrolls of identify {unknown}
 m - 2 scrolls of teleportation {unknown}
Potions
 d - 3 potions of brilliance
 p - a potion of curing


   Skills:
 + Level 4.8 Fighting
 + Level 5.7 Maces & Flails
 + Level 5.1 Armour
 + Level 2.0 Dodging
 + Level 0.4 Stealth
 + Level 5.1 Shields


You had 5 spell levels left.
You didn't know any spells.
Your spell library contained the following spells:

 Spells                   Type           Power      Damage    Failure   Level
 Beastly Appendage        Tmut           0%         N/A       86%         1
 Wereblood                Tmut           0%         N/A       94%         2
 Confusing Touch          Hex            0%         N/A       99%         3
 Conjure Flame            Conj/Fire      0%         6-21      99%         3
 Ignite Poison            Fire/Tmut/Pois 0%         N/A       99%         3
 Spider Form              Tmut/Pois      0%         N/A       99%         3
 Sticky Flame             Conj/Fire      0%         2d3       100%        4
 Yara's Violent Unravell  Hex/Tmut       0%         3d3       100%        5
 Enfeeble                 Hex            0%         N/A       100%        7


Dungeon Overview and Level Annotations

Branches:
Dungeon (5/15)             Temple (1/1) D:5

Altars:
Cheibriados
Elyvilon
Okawaru
Qazlal
Trog
Wu Jian
Xom
Yredelemnul
Zin
The Shining One


Innate Abilities, Weirdness & Mutations

You have a pair of horns on your head.
You reflexively headbutt those who attack you in melee.
You are partially covered in iridescent scales. (AC +2)
Your flesh is heat resistant. (rF+)
[You are extremely vulnerable to cold. (rC---)]


Message History

The iguana bites you!
You sock the iguana!
The iguana is almost dead.
The iguana bites you!
The iguana bites you but does no damage.
You sock the iguana!
You kill the iguana!
Okawaru accepts your kill.
Qazlal incites the elements against you!
A fire crab and a fire elemental come into view.
You closely miss the fire elemental. You miss the fire elemental.
The fire elemental barely misses you.
You hit the fire elemental.
The fire elemental is lightly damaged.
The fire elemental hits you. The fire elemental burns you! You resist.
The fire crab breathes flames at you. The blast of flame engulfs you.
You resist. The fire elemental hits you. The fire elemental burns you!
You resist.
Okay, then.
You barely miss the fire elemental.
The fire elemental is lightly damaged.
You are engulfed in blazing flames.
You resist. The fire elemental closely misses you. The fire crab bites you.
You are engulfed in flames!
You resist.
* * * LOW HITPOINT WARNING * * *
The fire crab barely misses you.
You sock the fire elemental!
Your headbutt misses the fire elemental.
The fire elemental is moderately damaged.
You are engulfed in blazing flames.
You resist.
* * * LOW HITPOINT WARNING * * *
The fire elemental misses you.
The fire crab bites you but does no damage.
The fire crab claws you but does no damage.
The fire elemental hits you. The fire elemental burns you! You resist.
* * * LOW HITPOINT WARNING * * *
You sock the fire elemental! You headbutt the fire elemental!
The fire elemental is almost destroyed.
You are engulfed in blazing flames.
You resist.
You die...

#.# #.##.# ##......# #.#
#.##.# #.....#.# #.#
#.##.# #.#.#.#.# #.#
#.##.#####.#...# # #.#
#.##.#.....#####
#.#######.##.#.#..........
#.........#....#.#######.#
################.#
......t@E.....#
#############.# ###


You could see a fire crab and a fire elemental.

Vanquished Creatures
  A necrophage (D:4)
  3 orc priests (D:3)
  4 iguanas
  A mummy (D:5)
  3 gnolls (D:2)
  5 adders
  2 worms
  A dart slug (D:4)
  11 orcs
  11 ball pythons
  3 bats
  8 endoplasms
  2 giant cockroaches
  10 hobgoblins
  8 jackals (D:4)
  5 kobolds
  7 quokkas
  9 goblins
  7 rats
101 creatures vanquished.

Vanquished Creatures (others)
  3 plants (D:1)
3 creatures vanquished.

Grand Total: 104 creatures vanquished

Notes
Turn   | Place    | Note
-------+----------+-------------------------------------------
     0 | D:1      | Demigod47 the Minotaur Fighter began the quest for the Orb.
     0 | D:1      | Reached XP level 1. HP: 19/19 MP: 0/0
    21 | D:1      | You fall into a shaft and drop 1 floor!
   208 | D:1      | Reached XP level 2. HP: 27/27 MP: 1/1
   516 | D:1      | Gained mutation: Your movements are slightly less
                  | encumbered by armour. (ER -2) [potion of mutation]
   516 | D:1      | Gained mutation: You do not regenerate when monsters are
                  | visible. [potion of mutation]
   647 | D:1      | Found a faded altar of an unknown god.
   663 | D:1      | Prayed at the altar of an unknown god.
   663 | D:1      | Became a worshipper of Qazlal Stormbringer
   663 | D:1      | Reached * piety under Qazlal
  1020 | D:1      | Reached XP level 3. HP: 33/33 MP: 2/2
  1333 | D:2      | Found a white marble altar of Elyvilon.
  1353 | D:2      | Reached skill level 1 in Dodging
  1364 | D:2      | Reached XP level 4. HP: 11/40 MP: 3/3
  1720 | D:2      | Reached ** piety under Qazlal
  1790 | D:2      | Lost mutation: You do not regenerate when monsters are
                  | visible. [potion of mutation]
  1790 | D:2      | Lost mutation: Your movements are slightly less encumbered
                  | by armour. (ER -2) [potion of mutation]
  1790 | D:2      | Gained mutation: Your flesh is heat resistant. (rF+)
                  | [potion of mutation]
  1790 | D:2      | Gained mutation: Your spells are a little easier to cast,
                  | but a little less powerful. [potion of mutation]
  1790 | D:2      | Gained mutation: You have hidden genetic potential. [potion
                  | of mutation]
  2512 | D:3      | Reached XP level 5. HP: 17/46 MP: 4/4
  2533 | D:3      | Lost mutation: Your spells are a little easier to cast, but
                  | a little less powerful. [hidden potential]
  3122 | D:4      | Reached skill level 5 in Maces & Flails
  3382 | D:4      | Reached XP level 6. HP: 53/53 MP: 5/5
  3391 | D:4      | Reached *** piety under Qazlal
  3602 | D:4      | Gained mutation: You are partially covered in iridescent
                  | scales. (AC +2) [hidden potential]
  3602 | D:4      | Lost mutation: You have hidden genetic potential. [hidden
                  | potential expressed]
  3643 | D:4      | Reached skill level 5 in Armour
  3855 | D:5      | Entered Level 5 of the Dungeon
  3855 | D:5      | Found a staircase to the Ecumenical Temple.
  3860 | Temple   | Entered the Ecumenical Temple
  3884 | Temple   | Fell from the grace of Qazlal
  3884 | Temple   | Became a worshipper of Warmaster Okawaru
  3927 | D:5      | Found a snail-covered altar of Cheibriados.
  3933 | D:5      | Reached skill level 5 in Shields
  4250 | D:5      | Noticed a fire crab
  4250 | D:5      | Noticed a fire elemental
  4255 | D:5      | Engulfed by a fire crab's flame

Illustrated notes

Levels and vault maps discovered:
D:1:      saegor_arrival_miasma, layout_basic,
          dilly_ecumenical_altar_fadedgnrine
D:2:      layout_loops_cross, basic_altar
D:3:      layout_loops_cross
D:4:      layout_rooms
D:5:      minmay_chambers_of_fours, layout_basic, slow_altar_2,
          minmay_temple_entry_wispy
Temple:   nicolae_temple_bog_church

Skill      XL: |  1  2  3  4  5  6 |
---------------+-------------------+-----
Shields        | 4 5 |  5.1
Armour         | 4 5 |  5.1
Fighting       | 4 |  4.8
Maces & Flails | 3 4 5 |  5.7
Dodging        | 1 2 |  2.0
Stealth        | |  0.4

Action                   |  1- 3 |  4- 6 || total
-------------------------+-------+-------++-------
Melee: Flail             |    92 |   153 ||   245
       Headbutt          |    11 |    17 ||    28
  Use: Potion            |     9 |     3 ||    12
Armor: Scale mail        |    43 |    59 ||   102
Dodge: Dodged            |    56 |    54 ||   110
Block: Buckler           |    31 |    60 ||    91
